 Dungeon Sprint DCSS version 0.23.0 (webtiles) character file.

Game seed: 16588995520889869011

158 Groucho the Shield-Bearer (level 5, -7/52 HPs)
             Began as a Minotaur Fighter on Feb 13, 2019.
             Was an Initiate of Cheibriados.
             Mangled by a troll (8 damage)
             ... in the Dungeon (Sprint IX: "|||||||||||||||||||||||||||||").
             The game lasted 00:01:33 (354 turns).

Groucho the Shield-Bearer (Minotaur Fighter)         Turns: 354, Time: 00:01:34

Health: -7/52      AC: 11    Str: 24    XL:     5   Next: 16%
Magic:  3/5        EV:  8    Int:  9    God:    Cheibriados [......]
Gold:   0          SH: 11    Dex: 12    Spells: 4/4 levels left

rFire    . . .     SeeInvis .   p - +3 war axe (chop)
rCold    + . .     Gourm    .   c - +0 shield
rNeg     . . .     Faith    .   r - +1 scale mail {rC+}
rPois    .         Spirit   .   (helmet restricted)
rElec    .         Reflect  .   (no cloak)
rCorr    .         Harm     .   q - +0 pair of gloves
MR       .....     NoTele   +   a - +0 pair of boots
Stlth    ..........             (no amulet)
HPRegen  0.17/turn              b - +3 ring of strength
MPRegen  0.09/turn              s - +3 ring of intelligence

@: very slow
A: retaliatory headbutt, horns 2
a: Bend Time, Renounce Religion


You were in the Dungeon.
You worshipped Cheibriados.
Cheibriados was noncommittal.
You were not hungry.

You visited 1 branch

Inventory:

Hand Weapons
 o - a +2 dire flail of protection
 p - a +3 war axe of chopping (weapon)
Armour
 a - a +0 pair of boots (worn)
 c - a +0 shield (worn)
 q - a +0 pair of gloves (worn)
 r - a +1 scale mail of cold resistance (worn)
Jewellery
 b - a +3 ring of strength (left hand)
 s - a +3 ring of intelligence (right hand)
Wands
 n - a wand of iceblast (10)
Scrolls
 k - 2 scrolls of blinking
 l - 3 scrolls of remove curse
 m - 2 scrolls of amnesia
Potions
 d - a potion of might
 e - 5 potions of curing
 g - a potion of invisibility
 h - a potion of haste
 i - 4 potions of magic
 j - a potion of heal wounds
Comestibles
 f - a ration


   Skills:
 + Level 7.1 Fighting
 + Level 6.5 Axes
 + Level 7.1 Armour
 + Level 7.1 Shields
 + Level 2.1 Invocations


You had 4 spell levels left.
You didn't know any spells.
Your spell library was empty.

Dungeon Overview and Level Annotations

Branches:
Dungeon (1/1)

Altars:
Cheibriados
Dithmenos
Elyvilon
Fedhas
Gozag
Hepliaklqana
Kikubaaqudgha
Makhleb
Nemelex Xobeh
Okawaru
Qazlal
Ru
Sif Muna
Trog
Uskayaw
Vehumet
Wu Jian
Xom
Yredelemnul
Zin
The Shining One
Beogh
Jiyva
Lugonu


Innate Abilities, Weirdness & Mutations

You reflexively headbutt those who attack you in melee.
You have a pair of horns on your head.


Message History

The troll is moderately wounded.
You block the troll's attack. x2; The troll claws you.
You hit the troll. You headbutt the troll!
The troll is severely wounded.
The troll bites you but does no damage. The troll claws you. x2
You barely miss the troll.
The troll is severely wounded.
The troll bites you!
* * * LOW HITPOINT WARNING * * *
The troll claws you but does no damage. You block the troll's attack.
Unknown command.
You feel much better. You block the troll's attack. The troll claws you!
The troll claws you.
* * * LOW HITPOINT WARNING * * *
You hit the troll.
The troll is almost dead.
The troll bites you!
* * * LOW HITPOINT WARNING * * *
You block the troll's attack. x2; The troll bites you!
You die...

▓.▓
▓.▓
▓n▓
▓5▓
▓Z▓
▓o▓
▓T▓
▓@▓
▓.▓
▓[▓
▓.▓
▓.▓
▓)▓
▓|▓
▓.▓
▓.▓


You could see a troll, a necrophage, a quasit, an orc and a bat zombie.

Vanquished Creatures
  An ogre (D)
  A bullfrog (D)
  2 orcs (D)
  A bat (D)
  A giant cockroach (D)
  A hobgoblin (D)
  A kobold (D)
  A quokka (D)
  A frilled lizard (D)
  A leopard gecko zombie (D)
11 creatures vanquished.

Notes
Turn   | Place    | Note
-------+----------+-------------------------------------------
     0 | D        | Groucho the Minotaur Fighter began the quest for the Orb.
     0 | D        | Reached XP level 1. HP: 19/19 MP: 0/0
   250 | D        | Noticed an ogre
   255 | D        | Reached XP level 2. HP: 27/28 MP: 1/1
   260 | D        | HP: 1/28 [ogre/+0 giant club (27)]
   266 | D        | Killed an ogre
   266 | D        | Reached skill level 5 in Axes
   266 | D        | Reached XP level 3. HP: 38/38 MP: 2/2
   266 | D        | Reached XP level 4. HP: 45/45 MP: 3/3
   274 | D        | Found a roughly hewn altar of Beogh.
   274 | D        | Found a snail-covered altar of Cheibriados.
   274 | D        | Found a shadowy altar of Dithmenos.
   274 | D        | Found a white marble altar of Elyvilon.
   274 | D        | Found a blossoming altar of Fedhas.
   274 | D        | Found an opulent altar of Gozag.
   275 | D        | Found a hazy altar of Hepliaklqana.
   276 | D        | Found a viscous altar of Jiyva.
   277 | D        | Found an ancient bone altar of Kikubaaqudgha.
   278 | D        | Became a worshipper of Cheibriados the Contemplative
   279 | D        | Found a corrupted altar of Lugonu.
   280 | D        | Found a burning altar of Makhleb.
   281 | D        | Found a sparkling altar of Nemelex Xobeh.
   282 | D        | Found an iron altar of Okawaru.
   283 | D        | Found a stormy altar of Qazlal.
   284 | D        | Found a sacrificial altar of Ru.
   285 | D        | Found a deep blue altar of Sif Muna.
   286 | D        | Found a bloodstained altar of Trog.
   287 | D        | Found a hide-covered altar of Uskayaw.
   288 | D        | Found a radiant altar of Vehumet.
   289 | D        | Found an ornate altar of the Wu Jian Council.
   290 | D        | Found a shimmering altar of Xom.
   291 | D        | Found a basalt altar of Yredelemnul.
   292 | D        | Found a glowing silver altar of Zin.
   293 | D        | Found a glowing golden altar of the Shining One.
   346 | D        | Noticed a necrophage
   346 | D        | Noticed a troll
   346 | D        | Noticed a bullfrog
   347 | D        | Killed a bullfrog
   347 | D        | Reached XP level 5. HP: 52/52 MP: 3/5
   354 | D        | HP: 1/52 [troll (14)]
   354 | D        | Mangled by a troll

Skill      XL: |  1  2  3  4 |
---------------+-------------+-----
Fighting       | 4 6 7 |  7.1
Armour         | 4 6 7 |  7.1
Shields        | 4 6 7 |  7.1
Axes           | 3 5 6 |  6.5
Invocations    | 2 |  2.1

Action                   |  1- 3 |  4- 6 || total
-------------------------+-------+-------++-------
Melee: War axe           |    27 |     8 ||    35
       Headbutt          |     5 |     3 ||     8
  Use: Potion            |     2 |     1 ||     3
Armor: Scale mail        |    12 |     6 ||    18
Dodge: Dodged            |    10 |     1 ||    11
Block: Shield            |    12 |     9 ||    21
